 Seeded DCSS version 0.29.1 (webtiles) character file.

Game seed: 3875183420463564524 (custom seed)

3655208 bwicke the Slayer (level 27, 245/245 HPs)
             Began as a Demonspawn Gladiator on Sept 8, 2022.
             Was the Champion of Qazlal.
             Escaped with the Orb
             ... and 5 runes on Sept 13, 2022!
             The game lasted 06:55:03 (57337 turns).

bwicke the Slayer (Demonspawn Gladiator)           Turns: 57337, Time: 06:55:04

Health: 245/245    AC: 25    Str: 22    XL:     27
Magic:  30/30      EV: 25    Int: 19    God:    Qazlal [******]
Gold:   10136      SH: 31    Dex: 35    Spells: 24/26 levels left

rFire   + + .      SeeInvis +   J - +9 scimitar of Punishment {speed, rCorr}
rCold   + + .      Faith    .   r - +2 shield of Resistance {rF++ rC++ Will++}
rNeg    + . .      Spirit   +   b - +3 ring mail of Xost {rElec MP-9 Dex+10}
rPois   .          Reflect  .   c - +2 helmet {SInv}
rElec   +          Harm     .   (cloak unavailable)
rCorr   +          Rampage  .   H - +2 pair of gloves
Will    +++++      Rnd*Tele +   O - +0 pair of boots of the Volcano {-Cast rElec Will+ Slay+4}
Stlth   +......... NoCast   +   l - macabre finger necklace {rN+}
HPRegen 0.50/turn               y - ring of the Duke {Fly rElec rC- Str+4 Slay+4}
MPRegen 0.44/turn               m - ring "Oghi" {rC+ Int+4 Dex+5}
                                i - ring of the Tortoise {AC+8}

@: flying, studying 2 skills, repel missiles
A: powered by death 3, magic shield, magic regeneration, magic link, black mark,
sanguine armour 3, bedeviling, aura of silence, weakness stinger 3, hooves 1,
deformed body, teleportitis 1
0: Orb of Zot
}: 5/15 runes: decaying, slimy, silver, abyssal, gossamer
a: Renounce Religion, Upheaval, Elemental Force, Disaster Area


You escaped.
You worshipped Qazlal.
Qazlal was exalted by your worship.
You visited 12 branches of the dungeon, and saw 56 of its levels.
You visited the Abyss 1 time.
You also visited: Trove, Bailey, Gauntlet and Ice Cave.

You collected 10472 gold pieces.
You spent 336 gold pieces at shops.

Inventory:

Hand Weapons
 q - the +3 demon blade "Killer Bee's Death" {pain, rPois Int+2}
   (You found it in a treasure trove)

   In the hands of one skilled in necromantic magic, it inflicts extra damage on
   living creatures.
   Int:       It affects your intelligence (+2).
   rPois:     It protects you from poison.
 v - the +11 double sword of Wyrd {freeze, rN+ rCorr Stlth-}
   (You found it in a treasure trove)

   It freezes those it strikes, dealing additional cold damage.
   It can also slow down cold-blooded creatures.
   rN:        It protects you from negative energy.
   rCorr:     It protects you from acid and corrosion.
   Stlth:     It makes you less stealthy.
 F - the +7 captain's cutlass {speed, disarm}
   (You found it on level 5 of the Vaults)

   Attacks with this weapon are significantly faster.
   It may disarm weapon-wielding foes when striking them, dealing extra damage
   in the process.
 G - the +8 sling of Zyosh {flame, rF+ Will++ Int+2}
   (You took it off a vault sentinel on level 1 of the Vaults)

   Any ammunition fired from it burns those it strikes, dealing additional fire
   damage.
   Int:       It affects your intelligence (+2).
   rF:        It protects you from fire.
   Will:      It greatly increases your willpower.
 J - the +9 scimitar of Punishment (weapon) {speed, rCorr}
   (You found it on level 4 of the Dungeon)

   Attacks with this weapon are significantly faster.
   rCorr:     It protects you from acid and corrosion.
 L - the +4 whip "Buwoicoc" {antimagic, Str+5}
   (You found it on level 3 of the Elven Halls)

   It reduces the magical energy of the wielder, and disrupts the spells and
   magical abilities of those it strikes.
   Natural abilities and divine invocations are not affected.
   Str:       It affects your strength (+5).
 W - the +8 Vampire's Tooth {vamp}
   (You took it off a vault sentinel on level 1 of the Vaults)

   It occasionally heals its wielder for the full amount of damage dealt when it
   wounds a living foe.
Missiles
 u - 18 atropa-tipped darts
 w - 2 datura-tipped darts
 Z - 6 throwing nets
Armour
 b - the +3 ring mail of Xost (worn) {rElec MP-9 Dex+10}
   (You bought it in a shop on level 7 of the Dungeon)

   Dex:       It affects your dexterity (+10).
   rElec:     It insulates you from electricity.
   MP:        It affects your magic capacity (-9).
 c - a +2 helmet of see invisible (worn)
 e - the +17 plate armour of Inevitability {Int+5}
   (You found it on level 3 of the Crypt)

   Int:       It affects your intelligence (+5).
 r - the +2 shield of Resistance (worn) {rF++ rC++ Will++}
   (You found it in a treasure trove)

   rF:        It greatly protects you from fire.
   rC:        It greatly protects you from cold.
   Will:      It greatly increases your willpower.
 B - the +1 buckler of the Lizard {Regen+ Str-2 Int+6 Slay+5}
   (You found it on level 5 of the Vaults)

   Str:       It affects your strength (-2).
   Int:       It affects your intelligence (+6).
   Slay:      It affects your accuracy & damage with ranged weapons and melee
   (+5).
   Regen:     It increases your rate of health regeneration.
 H - a +2 pair of gloves (worn)
 O - the +0 pair of boots of the Volcano (worn) {-Cast rElec Will+ Slay+4}
   (You found it on level 13 of the Dungeon)

   Slay:      It affects your accuracy & damage with ranged weapons and melee
   (+4).
   rElec:     It insulates you from electricity.
   -Cast:     It prevents spellcasting.
   Will:      It increases your willpower.
 S - the +5 tower shield of Getoti {rElec rF+ Dex+3}
   (You found it on level 5 of the Dungeon)

   Dex:       It affects your dexterity (+3).
   rF:        It protects you from fire.
   rElec:     It insulates you from electricity.
Jewellery
 d - an amulet of magic regeneration
 f - the ring "Poycung" {rF++ rC- rCorr MP+9 Str+6}
   (You found it in a Gauntlet)

   [ring of strength]

   Str:       It affects your strength (+6).
   rF:        It greatly protects you from fire.
   rC:        It makes you vulnerable to cold.
   MP:        It affects your magic capacity (+9).
   rCorr:     It protects you from acid and corrosion.
 i - the ring of the Tortoise (on amulet) {AC+8}
   (You found it on level 5 of the Pits of Slime)

   [ring of protection]

   AC:        It affects your AC (+8).
 l - the macabre finger necklace (around neck) {rN+}
   (You found it in a treasure trove)

   [amulet of nothing]

   It enables you to equip an extra ring.
   rN:        It protects you from negative energy.
 m - the ring "Oghi" (right hand) {rC+ Int+4 Dex+5}
   (You found it in a Gauntlet)

   [ring of protection from cold]

   Int:       It affects your intelligence (+4).
   Dex:       It affects your dexterity (+5).
   rC:        It protects you from cold.
 y - the ring of the Duke (left hand) {Fly rElec rC- Str+4 Slay+4}
   (You found it on level 5 of the Pits of Slime)

   [ring of flight]

   Str:       It affects your strength (+4).
   Slay:      It affects your accuracy & damage with ranged weapons and melee
   (+4).
   rC:        It makes you vulnerable to cold.
   rElec:     It insulates you from electricity.
   Fly:       It grants you flight.
 D - the ring of Vusedd {rN++ EV+4}
   (You found it in a treasure trove)

   [ring of evasion]

   EV:        It affects your evasion (+4).
   rN:        It greatly protects you from negative energy.
 U - a +4 ring of slaying
Wands
 j - a wand of paralysis (23)
 K - a wand of digging (22)
 Q - a wand of roots (47)
 R - a wand of mindburst (39)
 V - a wand of light (34)
Scrolls
 o - 9 scrolls of blinking
 s - 12 scrolls of magic mapping
 t - 10 scrolls of fear
 x - 7 scrolls of immolation
 C - 24 scrolls of teleportation
 I - 19 scrolls of poison
 Y - a scroll of silence
Potions
 a - 8 potions of magic
 g - 7 potions of haste
 h - 6 potions of cancellation
 k - 8 potions of berserk rage
 n - 11 potions of invisibility
 A - 25 potions of curing
 E - 4 potions of lignification
 M - 5 potions of resistance
 N - 2 potions of mutation
 P - 8 potions of heal wounds
 T - 10 potions of might
Miscellaneous
 p - a phial of floods
 z - a phantom mirror
 X - a condenser vane


   Skills:
 + Level 26.0 Fighting
 - Level 16.0 Long Blades
 - Level 1.7 Throwing
 - Level 15.0 Armour
 - Level 11.7 Dodging
 - Level 24.1 Shields
 - Level 10.0 Hexes
 - Level 10.0 Necromancy
 - Level 25.4 Invocations
 - Level 10.0 Evocations


You had 24 spell levels left.
You knew the following spells:

 Your Spells              Type           Power      Damage    Failure   Level
a - Sublimation of Blood  Necr           38%        N/A       1%          2

Your spell library contained the following spells:

 Spells                   Type           Power      Damage    Failure   Level
 Necrotise                Necr           100%       1d9       1%          1
 Tukima's Dance           Hex            54%        N/A       1%          3
 Vampiric Draining        Necr           38%        2d8       1%          3
 Anguish                  Hex/Necr       27%        N/A       5%          4
 Animate Dead             Necr           38%        N/A       5%          4
 Cause Fear               Hex            27%        N/A       5%          4
 Dispel Undead            Necr           38%        3d16      5%          4
 Ensorcelled Hibernation  Hex/Ice        56%        N/A       6%          2
 Dazzling Flash           Conj/Hex       56%        N/A       12%         3
 Inner Flame              Hex/Fire       28%        N/A       12%         3
 Portal Projectile        Hex/Tloc       56%        N/A       12%         3
 Summon Guardian Golem    Hex/Summ       28%        N/A       12%         3
 Agony                    Necr           38%        N/A       14%         5
 Apportation              Tloc           0%         N/A       32%         1
 Beastly Appendage        Tmut           0%         N/A       32%         1
 Foxfire                  Conj/Fire      0%         2x1d4     32%         1
 Freeze                   Ice            0%         1d3       32%         1
 Magic Dart               Conj           0%         1d3       32%         1
 Sandblast                Erth           0%         2d4       32%         1
 Sting                    Tmut/Pois      0%         1d3       32%         1
 Summon Small Mammal      Summ           0%         N/A       32%         1
 Fulminant Prism          Conj/Hex       14%        3d9       38%         4
 Leda's Liquefaction      Hex/Erth       14%        N/A       38%         4
 Blink                    Tloc           0%         N/A       43%         2
 Passwall                 Tmut/Erth      0%         N/A       43%         2
 Poisonous Vapours        Pois/Air       0%         N/A       43%         2
 Searing Ray              Conj           0%         2d4       43%         2
 Static Discharge         Conj/Air       0%         3-3/arc   43%         2
 Wereblood                Tmut           0%         N/A       43%         2
 Corpse Rot               Necr/Pois/Air  12%        N/A       63%         4
 Death Channel            Necr           19%        N/A       63%         6
 Call Canine Familiar     Summ           0%         N/A       67%         3
 Conjure Flame            Conj/Fire      0%         6-21      67%         3
 Frozen Ramparts          Ice            0%         1d1       67%         3
 Ignite Poison            Fire/Tmut/Pois 0%         N/A       67%         3
 Lesser Beckoning         Tloc           0%         N/A       67%         3
 Mephitic Cloud           Conj/Pois/Air  0%         N/A       67%         3
 Spider Form              Tmut/Pois      0%         N/A       67%         3
 Stone Arrow              Conj/Erth      0%         3d7       67%         3
 Swiftness                Air            0%         N/A       67%         3
 Borgnjor's Vile Clutch   Necr/Erth      9%         N/A       75%         5
 Metabolic Englaciation   Hex/Ice        14%        N/A       75%         5
 Silence                  Hex/Air        14%        N/A       75%         5
 Summon Mana Viper        Hex/Summ       28%        N/A       75%         5
 Yara's Violent Unravell  Hex/Tmut       14%        3d7       75%         5
 Airstrike                Air            0%         2d(0-16)  97%         4
 Animate Armour           Summ/Erth      0%         N/A       97%         4
 Flame Wave               Conj/Fire      0%         2d4       97%         4
 Hailstorm                Conj/Ice       0%         3d3       97%         4
 Ice Form                 Ice/Tmut       0%         N/A       97%         4
 Iskenderun's Mystic Bla  Conj/Tloc      0%         2d3       97%         4
 Olgreb's Toxic Radiance  Pois           0%         N/A       97%         4
 Passage of Golubria      Tloc           0%         N/A       97%         4
 Petrify                  Tmut/Erth      0%         N/A       97%         4
 Sticky Flame             Conj/Fire      0%         2d3       97%         4
 Summon Ice Beast         Ice/Summ       0%         N/A       97%         4
 Summon Lightning Spire   Summ/Air       0%         N/A       97%         4
 Simulacrum               Ice/Necr       9%         N/A       99%         6
 Alistair's Intoxication  Tmut/Pois      0%         N/A       100%        5
 Freezing Cloud           Conj/Ice/Air   0%         6-21      100%        5
 Irradiate                Conj/Tmut      0%         3d11      100%        5
 Iskenderun's Battlesphe  Conj           0%         2d6       100%        5
 Lee's Rapid Deconstruct  Erth           0%         3d5*      100%        5
 Lightning Bolt           Conj/Air       0%         1d11      100%        5
 Manifold Assault         Tloc           0%         N/A       100%        5
 Summon Forest            Summ/Tloc      0%         N/A       100%        5
 Conjure Ball Lightning   Conj/Air       0%         3x3d6     100%        6
 Eringya's Noxious Bog    Tmut/Pois      0%         N/A       100%        6
 Iron Shot                Conj/Erth      0%         9d1       100%        6
 Starburst                Conj/Fire      0%         6d3       100%        6
 Statue Form              Tmut/Erth      0%         N/A       100%        6
 Summon Cactus Giant      Summ           0%         N/A       100%        6
 Dragon Form              Tmut           0%         N/A       100%        7
 Haunt                    Necr/Summ      9%         N/A       100%        7
 Malign Gateway           Summ/Tloc      0%         N/A       100%        7
 Orb of Destruction       Conj           0%         9d5       100%        7
 Spellforged Servitor     Conj/Summ      0%         N/A       100%        7
 Storm Form               Tmut/Air       0%         N/A       100%        7
 Summon Hydra             Summ           0%         N/A       100%        7
 Borgnjor's Revivificati  Necr           19%        N/A       100%        8
 Discord                  Hex            27%        N/A       100%        8
 Disjunction              Tloc           0%         N/A       100%        8
 Infestation              Necr           19%        N/A       100%        8
 Lehudib's Crystal Spear  Conj/Erth      0%         10d2      100%        8
 Maxwell's Capacitive Co  Air            0%         ∞         100%        8
 Necromutation            Tmut/Necr      9%         N/A       100%        8
 Summon Horrible Things   Summ           0%         N/A       100%        8
 Death's Door             Necr           19%        N/A       100%        9
 Dragon's Call            Summ           0%         N/A       100%        9
 Polar Vortex             Ice            0%         N/A       100%        9
 Shatter                  Erth           0%         3d5*      100%        9


Dungeon Overview and Level Annotations

Branches:
Dungeon (15/15)            Temple (1/1) D:7            Lair (5/5) D:10
  Swamp (4/4) Lair:2       Spider (4/4) Lair:2        Slime (5/5) Lair:4
    Orc (2/2) D:10            Elf (3/3) Orc:2        Vaults (5/5) D:13
  Crypt (3/3) Vaults:3       Tomb (0/3) Crypt:3      Depths (4/4) D:15
    Zot (5/5) Depths:4     Bailey (visited)           IceCv (visited)
Gauntlet (visited)

Altars:
Ashenzari
Cheibriados
Dithmenos
Fedhas
Gozag
Hepliaklqana
Kikubaaqudgha
Makhleb
Nemelex Xobeh
Okawaru
Qazlal
Sif Muna
Trog
Vehumet
Wu Jian
Xom
Yredelemnul

Shops:
D:3 !   D:4 =   D:7 *   D:13 :   D:14 *   Orc:2 :[[=[   Elf:2 [   Zot:5 *
Depths:1 =   Depths:4 :

Portals:
Hell: Depths:1 Depths:2 Depths:3 Depths:4
Abyss: Depths:1 Depths:2 Depths:3
Pandemonium: Depths:2
Ziggurat: Depths:4

Annotations:
D:13 2 transporters, Liimbo's ghost, journeyman FoWn
Temple 4 transporters
Crypt:1 2 transporters


Innate Abilities, Weirdness & Mutations

You regenerate a lot of health from kills.
When hurt, damage is shared between your health and your magic reserves.
You regenerate magic rapidly.
When low on magic, you restore magic in place of health.
Your melee attacks may debilitate your foes.
When seriously injured, your blood forms very thick armour. (AC +0)
Your hexes are more powerful.
You are surrounded by an aura of silence.
You have a sharp stinger which inflicts weakening toxins.
You have large cloven feet.
Armour fits poorly on your strangely shaped body.
You are occasionally teleported next to monsters.


Message History

You fly upwards.
There is a stone staircase leading down here.
There is a stone staircase leading up here.
You fly upwards.
There is a stone staircase leading down here.
You see here 3 stones.
There is an open door here.
A sun demon comes into view.
You hit the sun demon.
The sun demon looks weaker.
Your tail-slap misses the sun demon.
The sun demon is lightly wounded.
You slice the sun demon!!
The sun demon is heavily wounded.
You slice the sun demon!!
You kill the sun demon!
Qazlal accepts your kill.
There is a fountain of clear blue water here.
A Wujov and a neqoxec come into view.
The neqoxec shouts!
Wujov moves out of view.
There is a stone staircase leading up here.
You fly upwards.
There is a stone staircase leading down here.
There is a stone staircase leading up here.
You fly upwards.
There is a stone staircase leading down here.
There is a stone staircase leading up here.
You fly upwards.
There is a stone staircase leading down here.
You hear a chilling moan.
There is a stone staircase leading up here.
You can't go down here!
You fly upwards.
There is a stone staircase leading down here.
There is an open door here.
There is a fountain of clear blue water here.
There is an open door here.
There is an open door here.
There is a staircase leading out of the dungeon here.
You have escaped!

#.......... ###
##.########. #.#####
########..###.###..
#.....###.............##...
#....................##....
#.......#####...........###
#....####...####.....####..
#..###......§°.###'###.....
#..#......@......'.'......⌠
#..###.....§○..###'###.....
#....####.§.####.....####..
###.....#####...###.....###
###..........##..........
###....###############.
###### ##


There were no monsters in sight!

Vanquished Creatures
  the Royal Jelly (Slime:5)
  4 ancient liches
  Khufu (Crypt:1)
  7 dread liches
  6 orbs of fire
  4 juggernauts
  A royal mummy (Crypt:1)
  Vv (Depths:3)
  the Lernaean hydra (Swamp:4)
  The ghost of Nornya the Convoker, a veteran MfSu of Ashenzari (Vaults:3)
  Bai Suzhen (Spider:4)
  Xtahua (Vaults:3)
  Saint Roka (Depths:4)
  3 Killer Klowns (Zot:5)
  4 curse toes
  The ghost of Esekla the Sorcerer, a veteran DsHW of Gozag (Depths:2)
  Nikola (Spider:4)
  Jory (Vaults:4)
  11 golden dragons
  3 bone dragons
  Arachne (Spider:4)
  A Brimstone Fiend (Zot:5)
  A doom hound (Depths:1)
  13 tentacled monstrosities
  4 hellephants
  5 electric golems
  Mlioglotl (Spider:1)
  26 Orb Guardians (Zot:5)
  Asterion (Spider:2)
  2 liches (Crypt:3)
  3 titans (Vaults:5)
  6 quicksilver dragons
  3 deep elf blademasters
  An ancient champion (Crypt:1)
  13 death cobs
  3 deep elf master archers
  18 acid blobs
  Frances (Spider:2)
  A walking divine tome (Depths:3)
  A pandemonium lord (D:12)
  3 sphinxes
  3 thorn hunters (Swamp:4)
  15 shadow dragons
  6 draconian monks
  10 azure jellies
  4 draconian knights
  4 revenants
  3 tengu reavers
  A daeva (Depths:4)
  18 storm dragons
  5 fire giants
  12 rockslimes
  Donald (Swamp:1)
  Roxanne (Spider:4)
  11 ghost moths
  4 emperor scorpions
  14 vault wardens
  10 frost giants
  6 draconian scorchers
  3 iron dragons (Vaults:5)
  2 deep elf sorcerers (Elf:3)
  A juggernaut zombie (Crypt:3)
  4 curse skulls
  6 draconian annihilators
  5 deep elf elementalists
  4 balrugs
  An angel (Depths:4)
  7 draconian shifters
  5 draconian stormcallers
  3 reapers
  24 ironbound preservers
  A juggernaut skeleton (Depths:2)
  8 quicksilver oozes
  A caustic shrike skeleton (Depths:2)
  6 ironbound thunderhulks
  24 very ugly things
  3 broodmothers
  5 war gargoyles
  2 putrid mouths (Depths:1)
  Nessos (D:12)
  12 stone giants
  8 vampire knights
  A starflower (Abyss:5)
  Azrael (Elf:1)
  8 deep elf demonologists
  10 green draconians
  10 deep elf annihilators
  14 dire elephants
  3 bunyips
  17 red draconians
  16 white draconians
  12 black draconians
  A yellow draconian (shapeshifter) (Vaults:5)
  2 eleionomae
  5 entropy weavers
  3 spark wasps
  A minotaur (Gauntlet)
  14 yellow draconians
  6 purple draconians
  13 crystal guardians
  9 deep elf death magi
  6 ettins
  A merfolk javelineer (Depths:3)
  2 merfolk impalers
  3 eidola (Crypt:1)
  24 yaktaur captains
  7 fire dragons
  A fire dragon (shapeshifter) (Vaults:5)
  A quicksilver dragon zombie (Depths:2)
  42 vault guards
  8 jiangshi
  6 deep elf high priests
  Josephine (Orc:1)
  2 rakshasas (Depths:3)
  4 boulder beetles
  6 ice dragons
  2 hell beasts
  3 ghost crabs
  2 spriggan skeletons (Crypt:3)
  3 peacekeepers
  3 catoblepae
  23 hydras
  7 great orbs of eyes
  A spriggan zombie (Crypt:3)
  A jorogumo (Spider:3)
  2 spriggan air magi (Depths:4)
  5 radroaches
  14 ironbound frosthearts
  An ogre mage (Vaults:5)
  9 alligators
  A death knight (D:15)
  23 centaur warriors
  Erica (D:11)
  38 dancing weapons
  3 deep troll shamans
  A hell hog (Depths:3)
  5 two-headed ogres
  8 death yaks
  5 deep troll earth magi
  6 tengu warriors
  7 vampire magi
  3 spriggan berserkers
  2 thrashing horrors (Abyss:5)
  An orc high priest (Orc:2)
  A titan zombie (Abyss:5)
  Urug (Lair:3)
  A titan skeleton (Crypt:3)
  Amaemon (Lair:2)
  13 deep elf knights
  11 hell knights (Crypt:2)
  5 iron trolls (Depths:4)
  3 sun demons
  A soul eater (Abyss:5)
  A death drake (shapeshifter) (Vaults:1)
  A fire crab (Lair:4)
  A sun moth (Spider:3)
  2 goliath frogs
  23 skeletal warriors
  5 glowing orange brains
  6 pharaoh ants
  6 orb spiders
  A spark wasp zombie (Crypt:2)
  A deep troll (shapeshifter) (Vaults:5)
  52 deep trolls
  16 swamp dragons
  6 bog bodies
  4 deep elf archers
  3 orange crystal statues
  23 ironbound convokers
  2 spriggan druids
  9 phantasmal warriors
  6 orc knights
  3 flayed ghosts
  6 steelbarb worms
  A golden dragon skeleton (Crypt:1)
  2 iron giant skeletons
  A sphinx zombie (D:15)
  19 deep elf pyromancers
  Pikel (D:5)
  A tengu zombie (Crypt:3)
  10 wizards
  9 necromancers
  17 wolf spiders
  4 shining eyes
  19 deep elf zephyrmancers
  7 lindwurms
  A goliath frog zombie (Crypt:1)
  3 orc sorcerers (Orc:2)
  A will-o-the-wisp (Swamp:1)
  41 ugly things
  4 manticores
  84 slime creatures
  A stone giant zombie (D:15)
  Joseph (D:9)
  7 cyclopes
  15 elephants
  41 moths of wrath
  11 fire giant skeletons (Crypt:3)
  2 centaur zombies (Crypt:3)
  An eleionoma skeleton (Crypt:2)
  3 rust devils
  A sphinx skeleton (Depths:2)
  22 vault sentinels
  6 black mambas (Lair:3)
  A water nymph (shapeshifter) (Depths:2)
  2 torpor snails
  An orange demon (Lair:2)
  A black mamba (shapeshifter) (Depths:4)
  Maurice (D:8)
  12 cane toads
  An alligator snapping turtle zombie (Crypt:1)
  6 smoke demons
  A hellion (Abyss:5)
  2 eyes of devastation
  7 gargoyles
  A yellow draconian zombie (Crypt:2)
  A torpor snail (shapeshifter) (Depths:3)
  3 demonic crawlers
  A dire elephant skeleton (Crypt:3)
  An elephant slug zombie (Crypt:2)
  Maggie (D:7)
  18 rime drakes
  32 yaktaurs
  A human zombie (Vaults:5)
  3 freezing wraiths
  9 komodo dragons
  An efreet (D:13)
  A tengu conjurer (D:15)
  A hellwing (Depths:2)
  A pale draconian skeleton (Crypt:1)
  An ice devil (Depths:2)
  An ancient zyme (Abyss:5)
  2 starcursed masses (Abyss:5)
  3 trolls
  20 polar bears
  A red devil (D:7)
  A hydra zombie (Crypt:3)
  10 meliai
  2 harpy zombies (Crypt:3)
  8 tyrant leeches
  15 hornets
  6 saltlings (Orc:2)
  A wind drake (shapeshifter) (Vaults:5)
  Prince Ribbit (D:6)
  Grinder (D:4)
  21 tarantellas
  An ice dragon zombie (Crypt:1)
  6 raiju
  A tarantella zombie (Crypt:2)
  13 blink frogs
  13 dream sheep
  A jumping spider (shapeshifter) (Vaults:3)
  22 water elementals
  2 ynoxinuls (Trove)
  An air elemental (Elf:3)
  12 wraiths
  A satyr skeleton (Crypt:2)
  20 spriggans
  5 fire dragon skeletons (Crypt:3)
  4 shadows (Crypt:3)
  29 yaks
  7 vampires
  30 culicivoras
  A spriggan (shapeshifter) (Vaults:1)
  A yak (shapeshifter) (Vaults:5)
  An ettin skeleton (D:15)
  33 jumping spiders
  8 wyverns
  A basilisk (shapeshifter) (D:15)
  7 basilisks
  6 fire elementals
  43 redbacks
  A redback (shapeshifter) (Vaults:5)
  6 vampire mosquitoes
  7 steam dragons
  Grum (D:8)
  An elf simulacrum (Vaults:5)
  A human simulacrum (Vaults:5)
  2 neqoxecs
  4 wargs
  7 swamp worms
  Duvessa (D:6)
  2 acid dragons
  9 large abominations
  A floating eye (Depths:4)
  5 hell hounds (Elf:1)
  13 swamp drakes
  A human skeleton (D:15)
  11 black bears
  33 water moccasins
  A naga skeleton (Crypt:3)
  27 orc warriors
  2 sky beasts
  An ice beast (D:6)
  A lindwurm zombie (Crypt:1)
  5 centaurs
  8 ogres
  A tengu (shapeshifter) (Elf:2)
  31 wolves
  4 boggarts (Lair:5)
  A lindwurm skeleton (Crypt:1)
  4 lemures (D:5)
  2 phantoms
  A rime drake zombie (Crypt:2)
  5 kobold brigands
  23 bullfrogs
  A necrophage (D:8)
  2 elf zombies (Elf:1)
  2 earth elementals (Elf:2)
  A gnoll sergeant (D:6)
  A komodo dragon skeleton (Crypt:1)
  3 scorpions
  Dowan (D:6)
  6 killer bees (D:9)
  6 electric eels
  4 howler monkeys
  A polar bear skeleton (Crypt:2)
  5 jellies
  15 orc priests
  A centaur skeleton (Crypt:2)
  A hound (D:7)
  A gnoll bouda (D:5)
  24 orc wizards
  4 iguanas
  4 hell rats (Lair:4)
  A lightning spire (Gauntlet)
  A tengu skeleton (Crypt:1)
  2 mummies (Crypt:1)
  19 adders
  14 gnolls
  2 white imps
  An ufetubus (D:5)
  A worm (D:2)
  A dart slug (D:1)
  79 orcs
  11 endoplasms
  2 giant cockroaches
  9 goblins
  8 hobgoblins
  3 jackals (D:2)
  27 kobolds
  4 quokkas
  2 ball pythons (D:2)
  8 bats
  4 frilled lizards
  A jackal skeleton (Crypt:1)
  8 rats
  2 briar patches (Swamp:4)
  22 pillars of salt (Orc:2)
2427 creatures vanquished.

Vanquished Creatures (collateral kills)
  A frost giant (Vaults:5)
  A war gargoyle (Vaults:5)
  A stone giant (Vaults:5)
  A hydra (Lair:5)
  2 death yaks (Lair:4)
  A necromancer (Vaults:5)
  An orc knight (D:15)
  A black mamba (Lair:5)
  A yaktaur (Vaults:5)
  A polar bear (Lair:5)
  2 blink frogs (Lair:4)
  A dream sheep (Lair:5)
  3 yaks (Lair:4)
  A wyvern (Lair:5)
  An orc warrior (Depths:4)
  An ogre (Depths:4)
  A jelly (Lair:4)
  An orc (Depths:4)
22 creatures vanquished.

Vanquished Creatures (others)
  A dread lich (Vaults:5)
  A fire giant (Vaults:1)
  An alligator (Swamp:1)
  A deep elf knight (Elf:2)
  A goliath frog (Swamp:1)
  A spriggan druid (Swamp:1)
  A deep elf pyromancer (D:13)
  A wizard (D:7)
  3 wolf spiders (Spider:4)
  A vault sentinel (Vaults:3)
  A black mamba (shapeshifter) (Vaults:4)
  A torpor snail (Spider:4)
  A polar bear (IceCv)
  2 bloated husks (Swamp:1)
  3 tarantellas (Spider:4)
  A tyrant leech (Swamp:1)
  2 hornets (Swamp:1)
  2 culicivoras (Spider:4)
  2 swamp drakes (Swamp:4)
  2 briar patches (Swamp:4)
  A bush (Lair:5)
  3 demonic plants (Abyss:5)
  8 foxfires (Swamp:1)
  34 fungi
  53 plants
  5 starspawn tentacles (Abyss:5)
  23 withered plants
156 creatures vanquished.

Grand Total: 2605 creatures vanquished

Notes
Turn   | Place    | Note
-------+----------+-------------------------------------------
     0 | D:1      | bwicke the Demonspawn Gladiator began the quest for the
                  | Orb.
     0 | D:1      | Reached XP level 1. HP: 16/16 MP: 1/1
   364 | D:1      | Gained mutation: You regenerate a little health from kills.
                  | [demonic ancestry]
   364 | D:1      | Reached XP level 2. HP: 18/22 MP: 2/2
   691 | D:1      | Reached XP level 3. HP: 27/27 MP: 3/3
  1215 | D:2      | Found a faded altar of an unknown god.
  1963 | D:3      | Gained mutation: You regenerate magic rapidly. [demonic
                  | ancestry]
  1963 | D:3      | Reached XP level 4. HP: 21/33 MP: 4/4
  2724 | D:3      | Found Eskeli's Distillery.
  2803 | D:4      | Reached skill level 5 in Long Blades
  2809 | D:4      | Gained mutation: You regenerate health from kills. [demonic
                  | ancestry]
  2809 | D:4      | Reached XP level 5. HP: 28/38 MP: 5/5
  3060 | D:4      | Found Ycwi's Jewellery Shoppe.
  3065 | D:4      | Identified the +10 mace "Bolueq" {freeze, rElec Stlth+}
  3114 | D:4      | Identified the +9 scimitar of Punishment {speed, rCorr}
  3336 | D:4      | Noticed Grinder
  3364 | D:4      | Killed Grinder
  3365 | D:4      | Gained mutation: You have a small tail. [demonic ancestry]
  3365 | D:4      | Reached XP level 6. HP: 32/44 MP: 6/6
  3376 | D:4      | Found a sparkling altar of Nemelex Xobeh.
  3694 | D:5      | Entered Level 5 of the Dungeon
  3724 | D:5      | Found a stormy altar of Qazlal.
  3729 | D:5      | Found a hazy altar of Hepliaklqana.
  3744 | D:5      | Found a shimmering blue altar of Sif Muna.
  3749 | D:5      | Found an iron altar of Okawaru.
  3760 | D:5      | Became a worshipper of Qazlal Stormbringer
  3777 | D:5      | Gained mutation: You have a tail ending in a sharp stinger.
                  | [demonic ancestry]
  3777 | D:5      | Reached XP level 7. HP: 50/50 MP: 7/7
  3937 | D:5      | Noticed Pikel
  4012 | D:5      | Killed Pikel
  4013 | D:5      | Reached XP level 8. HP: 21/56 MP: 8/8
  4612 | D:5      | Found a radiant altar of Vehumet.
  4640 | D:5      | Reached skill level 10 in Long Blades
  4656 | D:5      | Identified the +5 tower shield of Getoti {rElec rF+ Dex+3}
  4679 | D:5      | Reached * piety under Qazlal
  4811 | D:6      | Noticed Duvessa
  4821 | D:6      | Noticed Dowan
  4825 | D:6      | Killed Duvessa
  4832 | D:6      | Killed Dowan
  4877 | D:6      | Found an opulent altar of Gozag.
  4905 | D:6      | Reached XP level 9. HP: 44/61 MP: 9/9
  5336 | D:6      | Noticed Prince Ribbit
  5347 | D:6      | Killed Prince Ribbit
  5492 | D:7      | Reached skill level 1 in Shields
  5711 | D:7      | Reached ** piety under Qazlal
  5769 | D:7      | Noticed Maggie
  5783 | D:7      | Killed Maggie
  5784 | D:7      | Reached skill level 5 in Shields
  6048 | D:7      | Got the Discourse on Mutagenic Guile
  6086 | D:7      | Found Suluolon's Assorted Antiques.
  6092 | D:7      | Bought a scroll labelled ROHABR CUNILE for 24 gold pieces
  6092 | D:7      | Bought a scroll labelled ROHABR CUNILE for 24 gold pieces
  6092 | D:7      | Bought a scroll labelled GUOLAS HEERPHE for 24 gold pieces
  6092 | D:7      | Bought a scroll labelled ROHABR CUNILE for 24 gold pieces
  6092 | D:7      | Bought a scroll labelled TINULA IFEU for 24 gold pieces
  6104 | D:7      | Bought a fine ring mail for 216 gold pieces
  6104 | D:7      | Identified the +3 ring mail of Xost {rElec MP-9 Dex+10}
                  | (You bought it in a shop on level 7 of the Dungeon)
  6115 | D:7      | Reached XP level 10. HP: 67/67 MP: 10/10
  6115 | D:7      | Found a bloodstained altar of Trog.
  6116 | D:7      | Noticed a wizard
  6123 | D:7      | Killed a wizard
  6185 | D:7      | Found a staircase to the Ecumenical Temple.
  6196 | Temple   | Entered the Ecumenical Temple
  6196 | Temple   | Found a transporter.
  6196 | Temple   | Found a transporter.
  6198 | Temple   | Found a transporter.
  6198 | Temple   | Found a transporter.
  6287 | D:8      | Found a flagged portal.
  6322 | Bailey   | Entered a bailey
  6511 | Bailey   | Reached skill level 1 in Invocations
  6525 | Bailey   | Reached *** piety under Qazlal
  6580 | Bailey   | Identified the ring "Oxtey" {rC+ Will+ MP+9}
  6744 | D:8      | Reached skill level 5 in Invocations
  6782 | D:8      | Noticed Maurice
  6801 | D:8      | Killed Maurice
  6870 | D:8      | Noticed Grum
  6910 | D:8      | Killed Grum
  7402 | D:9      | Reached skill level 10 in Invocations
  7583 | D:9      | Noticed Joseph
  7617 | D:9      | Killed Joseph
  7664 | D:9      | Reached **** piety under Qazlal
  7904 | D:10     | Entered Level 10 of the Dungeon
  7981 | D:10     | Found a blossoming altar of Fedhas.
  8030 | D:10     | Found a staircase to the Orcish Mines.
  8034 | D:10     | Noticed a two-headed ogre
  8045 | D:10     | Gained mutation: When seriously injured, your blood forms
                  | armour. (AC +0) [demonic ancestry]
  8045 | D:10     | Reached XP level 11. HP: 69/72 MP: 10/19
  8048 | D:10     | Killed a two-headed ogre
  8259 | D:10     | Noticed a two-headed ogre
  8267 | D:10     | Killed a two-headed ogre
  8279 | D:10     | Found an ancient bone altar of Kikubaaqudgha.
  8295 | D:10     | Noticed a two-headed ogre
  8303 | D:10     | Killed a two-headed ogre
  8374 | D:10     | Found a staircase to the Lair.
  8738 | D:10     | Reached ***** piety under Qazlal
  9063 | D:10     | Found a portal to a secret trove of treasure.
  9236 | Lair:1   | Entered Level 1 of the Lair of Beasts
  9311 | Lair:1   | Noticed a five-headed hydra
  9379 | Lair:1   | Killed a 13-headed hydra
  9519 | Lair:1   | Gained mutation: When seriously injured, your blood forms
                  | thick armour. (AC +0) [demonic ancestry]
  9519 | Lair:1   | Reached XP level 12. HP: 78/78 MP: 13/22
  9548 | Lair:1   | Found a gate leading to a gauntlet.
  9558 | Gauntlet | Entered a Gauntlet
  9558 | Gauntlet | Found a transporter.
  9558 | Gauntlet | Found a transporter.
  9560 | Gauntlet | Found a transporter.
  9563 | Gauntlet | Found a transporter.
  9595 | Gauntlet | Found a transporter.
  9596 | Gauntlet | Found a transporter.
  9599 | Gauntlet | Found a transporter.
  9599 | Gauntlet | Found a transporter.
  9612 | Gauntlet | Found a transporter.
  9628 | Gauntlet | Found a transporter.
  9666 | Gauntlet | Found a transporter.
  9670 | Gauntlet | Found a transporter.
  9715 | Gauntlet | Found a transporter.
  9716 | Gauntlet | Found a runed translucent door.
  9732 | Gauntlet | Found a transporter.
  9891 | Gauntlet | Identified the ring "Poycung" {rF++ rC- rCorr MP+9 Str+6}
  9947 | Gauntlet | Identified the ring "Oghi" {rC+ Int+4 Dex+5}
 10234 | Gauntlet | Identified the +5 flail of Contradiction {drain, rPois rN+
                  | Int+2}
 10234 | Gauntlet | Noticed a minotaur
 10246 | Gauntlet | Killed a minotaur
 10252 | Gauntlet | Got the Volume of the Metallic Atmosphere
 10589 | Lair:1   | Reached skill level 3 in Fighting
 10629 | Lair:1   | Reached skill level 4 in Fighting
 11013 | Lair:2   | Reached skill level 5 in Fighting
 11209 | Lair:2   | Reached skill level 6 in Fighting
 11223 | Lair:2   | You fall into a shaft and drop 2 floors!
 11224 | Lair:4   | Noticed a boulder beetle
 11224 | Lair:4   | Noticed a death yak
 11235 | Lair:4   | Noticed a death yak
 11235 | Lair:4   | Noticed a death yak
 11239 | Lair:4   | Noticed a death yak
 11244 | Lair:4   | Killed a death yak
 11245 | Lair:4   | Reached skill level 7 in Fighting
 11255 | Lair:4   | Killed a death yak
 11256 | Lair:4   | Killed a death yak
 11257 | Lair:4   | Reached skill level 8 in Fighting
 11258 | Lair:4   | Killed a death yak
 11261 | Lair:4   | Killed a boulder beetle
 11265 | Lair:4   | Reached XP level 13. HP: 100/100 MP: 11/23
 11332 | Lair:4   | Reached skill level 9 in Fighting
 11376 | Lair:4   | Reached skill level 10 in Fighting
 11705 | Lair:4   | Reached skill level 5 in Dodging
 11875 | Lair:4   | Found a staircase to the Slime Pits.
 12185 | Lair:5   | Entered Level 5 of the Lair of Beasts
 12813 | Lair:3   | Reached XP level 14. HP: 110/110 MP: 15/24
 12817 | Lair:3   | Noticed Urug
 12826 | Lair:3   | Killed Urug
 13030 | Lair:3   | Reached skill level 10 in Dodging
 13924 | Lair:2   | Noticed Amaemon
 13949 | Lair:2   | Killed Amaemon
 14093 | Lair:2   | Found a staircase to the Swamp.
 14171 | Lair:2   | Found a hole to the Spider Nest.
 15970 | D:11     | Noticed Erica
 15981 | D:11     | Killed Erica
 17030 | D:12     | Noticed Nessos
 17039 | D:12     | Killed Nessos
 17485 | D:12     | Reached skill level 10 in Shields
 17819 | D:13     | Identified the +0 ring mail of the Sun {rElec rF+ rCorr
                  | Stlth+}
 17831 | D:13     | Found Kugrearu's Book Emporium.
 17868 | D:13     | Reached XP level 15. HP: 100/115 MP: 16/25
 17904 | D:13     | Found a gate to the Vaults.
 18060 | D:13     | Found a transporter.
 18065 | D:13     | Found a transporter.
 18066 | D:13     | Found a bloodstained altar of Trog.
 18066 | D:13     | Noticed Liimbo's ghost (journeyman FoWn)
 18521 | D:13     | Identified the +0 pair of boots of the Volcano {-Cast rElec
                  | Will+ Slay+4}
 18751 | D:14     | Reached ****** piety under Qazlal
 19211 | D:14     | Found Orchai's General Store.
 19471 | D:15     | Entered Level 15 of the Dungeon
 19563 | D:15     | Found a blossoming altar of Fedhas.
 19738 | D:15     | Found a staircase to the Depths.
 20085 | D:15     | Gained mutation: You expend magic power (3 MP) to
                  | strengthen your wands. [potion of mutation]
 20085 | D:15     | Gained mutation: You have large cloven feet. [potion of
                  | mutation]
 20085 | D:15     | Gained mutation: You have sharp fingernails. [potion of
                  | mutation]
 20086 | D:15     | Lost mutation: You have large cloven feet. [potion of
                  | mutation]
 20086 | D:15     | Lost mutation: You have sharp fingernails. [potion of
                  | mutation]
 20086 | D:15     | Lost mutation: You expend magic power (3 MP) to strengthen
                  | your wands. [potion of mutation]
 20086 | D:15     | Gained mutation: You are somewhat resistant to further
                  | mutation. [potion of mutation]
 20087 | D:15     | Lost mutation: You are somewhat resistant to further
                  | mutation. [potion of mutation]
 20087 | D:15     | Gained mutation: You expend magic power (3 MP) to
                  | strengthen your wands. [potion of mutation]
 20087 | D:15     | Gained mutation: You are robust. (+10% HP) [potion of
                  | mutation]
 20339 | Orc:1    | Entered Level 1 of the Orcish Mines
 20363 | Orc:1    | Reached skill level 1 in Evocations
 20435 | Orc:1    | Noticed Josephine
 20441 | Orc:1    | Killed Josephine
 20734 | Orc:2    | Entered Level 2 of the Orcish Mines
 21034 | Orc:2    | Found a staircase to the Elven Halls.
 21036 | Orc:2    | Found Lyoz's Antique Armour Emporium.
 21302 | Orc:2    | Reached skill level 5 in Evocations
 21309 | Orc:2    | Found Hunkor's Book Shop.
 21330 | Orc:2    | Found Zideomy's Antique Armour Boutique.
 21353 | Orc:2    | Gained mutation: You have a sharp stinger which inflicts
                  | weakening toxins. [demonic ancestry]
 21353 | Orc:2    | Reached XP level 16. HP: 133/134 MP: 14/26
 21359 | Orc:2    | Found Demiffa's Armour Boutique.
 21416 | Orc:2    | Found Ackahaxt's Jewellery Emporium.
 22002 | Swamp:1  | Entered Level 1 of the Swamp
 22009 | Swamp:1  | Noticed Donald
 22045 | Swamp:1  | Found a frozen archway.
 22061 | Swamp:1  | Killed Donald
 22139 | IceCv    | Entered an ice cave
 22536 | IceCv    | Reached skill level 10 in Evocations
 22616 | IceCv    | Reached skill level 15 in Invocations
 23567 | Swamp:3  | Identified the +0 scale mail of the Fletcher {Slay+2}
 23947 | Swamp:4  | Entered Level 4 of the Swamp
 24006 | Swamp:4  | Noticed a thorn hunter
 24024 | Swamp:4  | Killed a thorn hunter
 24025 | Swamp:4  | Reached XP level 17. HP: 123/140 MP: 19/30
 24083 | Swamp:4  | Noticed the 27-headed Lernaean hydra
 24095 | Swamp:4  | Killed the 24-headed Lernaean hydra
 24742 | Swamp:4  | Got a decaying rune of Zot
 25027 | Vaults:1 | Entered Level 1 of the Vaults
 25438 | Vaults:1 | Identified the +8 sling of Zyosh {flame, rF+ Will++ Int+2}
 25505 | Vaults:1 | Reached skill level 11 in Fighting
 25973 | Vaults:1 | Reached skill level 12 in Fighting
 26420 | Vaults:2 | Gained mutation: You regenerate a lot of health from kills.
                  | [demonic ancestry]
 26420 | Vaults:2 | Reached XP level 18. HP: 149/156 MP: 14/32
 26422 | Vaults:2 | Reached skill level 13 in Fighting
 26629 | Vaults:2 | Reached skill level 14 in Fighting
 26843 | Vaults:2 | Reached skill level 15 in Fighting
 27148 | Vaults:2 | Reached skill level 16 in Fighting
 28016 | Vaults:3 | Reached skill level 17 in Fighting
 28192 | Vaults:3 | Noticed Xtahua
 28203 | Vaults:3 | Killed Xtahua
 28204 | Vaults:3 | Reached XP level 19. HP: 150/177 MP: 22/33
 28333 | Vaults:3 | Found a staircase to the Crypt.
 28677 | Vaults:3 | You fall into a shaft and drop 1 floor!
 28698 | Vaults:4 | Reached skill level 18 in Fighting
 29279 | Vaults:3 | Found a runed translucent door.
 29279 | Vaults:3 | Found a shimmering altar of Xom.
 29279 | Vaults:3 | Noticed Nornya's ghost (veteran MfSu)
 29311 | Vaults:3 | Killed Nornya's ghost
 29317 | Vaults:3 | Identified the +6 quarterstaff of the Gibberer {holy, Fly
                  | Int+4 SInv}
 30102 | Vaults:4 | Noticed an ancient lich
 30129 | Vaults:4 | Noticed Jory
 30134 | Vaults:4 | Killed an ancient lich
 30135 | Vaults:4 | Reached skill level 19 in Fighting
 30153 | Vaults:4 | Killed Jory
 30640 | Vaults:4 | Reached skill level 15 in Shields
 31516 | Spider:1 | Entered Level 1 of the Spider Nest
 31519 | Spider:1 | Noticed Mlioglotl
 31530 | Spider:1 | Killed Mlioglotl
 31544 | Spider:1 | Gained mutation: When hurt, damage is shared between your
                  | health and your magic reserves. [demonic ancestry]
 31544 | Spider:1 | Reached XP level 20. HP: 190/191 MP: 16/34
 31756 | Spider:1 | You fall into a shaft and drop 1 floor!
 31761 | Spider:2 | Noticed Asterion
 31774 | Spider:2 | Killed Asterion
 31802 | Spider:2 | Identified the +2 robe of the Trilobite {SInv}
 31959 | Spider:2 | Noticed Frances
 31976 | Spider:2 | Killed Frances
 33337 | Spider:4 | Entered Level 4 of the Spider Nest
 33339 | Spider:4 | Noticed Arachne
 33353 | Spider:4 | Killed Arachne
 33383 | Spider:4 | Noticed Bai Suzhen
 33407 | Spider:4 | Killed Bai Suzhen
 33430 | Spider:4 | Noticed Nikola
 33446 | Spider:4 | Killed Nikola
 33557 | Spider:4 | Identified the +4 scale mail of Ignis's Wrath {Rampage
                  | rCorr Str+4}
 33565 | Spider:4 | Identified Roxanne's Omnibus of the Quarry
 33565 | Spider:4 | Noticed Roxanne
 33584 | Spider:4 | Killed Roxanne
 34067 | Spider:4 | Got a gossamer rune of Zot
 34443 | Elf:1    | Entered Level 1 of the Elven Halls
 34810 | Elf:1    | Got the Tome of Wicked Secrets
 34936 | Elf:1    | Noticed Azrael
 34949 | Elf:1    | Killed Azrael
 35100 | Elf:1    | Gained mutation: Your hexes are more powerful. [demonic
                  | ancestry]
 35100 | Elf:1    | Reached XP level 21. HP: 198/198 MP: 26/35
 35362 | Elf:2    | Found a runed translucent gate.
 35362 | Elf:2    | Found a runed translucent gate.
 35363 | Elf:2    | Found a runed translucent gate.
 35374 | Elf:2    | Reached skill level 1 in Armour
 35674 | Elf:2    | Found Duplam's Antique Armour Shop.
 35745 | Elf:2    | Found a huge runed translucent gate.
 35745 | Elf:2    | Found a huge runed translucent gate.
 35745 | Elf:2    | Found a huge runed translucent gate.
 35771 | Elf:2    | Found a huge runed translucent gate.
 35771 | Elf:2    | Found a huge runed translucent gate.
 35821 | Elf:2    | Reached skill level 5 in Armour
 36168 | Elf:3    | Entered Level 3 of the Elven Halls
 36245 | Elf:3    | Reached skill level 1 in Hexes
 36287 | Elf:3    | Identified the ring of Upnobrur {rCorr Dex+5}
 36292 | Elf:3    | Identified the +11 battleaxe "Cannug" {venom, Drain rC+
                  | Int+2}
 36354 | Elf:3    | Lost mutation: You are robust. (+10% HP) [a cacodemon]
 36355 | Elf:3    | Reached skill level 5 in Hexes
 36367 | Elf:3    | Got Sif Muna's Codex of Algid Kindling
 36369 | Elf:3    | Got the Collected Works on Summoning
 36429 | Elf:3    | Identified the +1 plate armour of the Cobbler {rElec Str-5
                  | Dex+3}
 36463 | Elf:3    | Identified the +4 whip "Buwoicoc" {antimagic, Str+5}
 36492 | Elf:3    | Got Keits's Guidebook on Elsewhere and Feathers
 36580 | Elf:3    | Found the +0 staff of Battle
 37007 | Elf:3    | Found a shimmering blue altar of Sif Muna.
 37317 | Vaults:5 | Entered Level 5 of the Vaults
 37364 | Vaults:5 | Gained mutation: Your melee attacks may debilitate your
                  | foes. [demonic ancestry]
 37364 | Vaults:5 | Reached XP level 22. HP: 177/187 MP: 1/36
 37366 | Vaults:5 | Reached skill level 10 in Hexes
 37372 | Vaults:5 | Noticed a dread lich
 37391 | Vaults:5 | Killed a dread lich
 37409 | Vaults:5 | Reached skill level 5 in Necromancy
 37431 | Vaults:5 | Identified the +6 battleaxe of Zin, Sheltering {flame,
                  | Will+ Stlth+}
 37449 | Vaults:5 | Noticed a dread lich
 37451 | Vaults:5 | Noticed an ancient lich
 37469 | Vaults:5 | Paralysed by a dread lich for 2 turns
 37472 | Vaults:5 | Killed a dread lich
 37472 | Vaults:5 | Identified the +10 great sword "Beetlebane" {chaos, rF+ rC+
                  | rN+ Dex-4}
 37472 | Vaults:5 | Identified the ring of Atuceserr {Contam rF+ Str+4 Int+6}
 37478 | Vaults:5 | Killed an ancient lich
 37487 | Vaults:5 | Reached skill level 10 in Necromancy
 37546 | Vaults:5 | Found the +7 captain's cutlass {speed, disarm}
 37574 | Vaults:5 | Got the Teachings on Superposition
 37876 | Vaults:5 | Got a silver rune of Zot
 37884 | Vaults:5 | Identified the +2 sling "Ucwycuc" {venom, Fly}
 37886 | Vaults:5 | Identified the +11 long sword "Dragonslayer" {vorpal, *Slow
                  | rF- Will+++ Dex+3}
 37895 | Vaults:5 | Identified the +7 short sword of Qooff {freeze, *Noise
                  | Str+6}
 37896 | Vaults:5 | Identified the +1 buckler of the Lizard {Regen+ Str-2 Int+6
                  | Slay+5}
 38677 | Depths:1 | Entered Level 1 of the Depths
 38744 | Depths:1 | Found Pixturul's Jewellery Shop.
 39066 | Depths:1 | Found a one-way gate to the infinite horrors of the Abyss.
 39125 | Depths:1 | Identified the +7 rapier of the Pyrrhic Victory {vorpal,
                  | Int+5}
 39185 | Depths:1 | Learned a level 2 spell: Sublimation of Blood
 39223 | Depths:1 | Found a gateway to Hell.
 39308 | Depths:1 | Found a shimmering altar of Xom.
 39353 | Depths:2 | Reached XP level 23. HP: 194/194 MP: 28/37
 39680 | Depths:2 | Found a runed translucent door.
 39683 | Depths:2 | Noticed Esekla's ghost (veteran DsHW)
 39684 | Depths:2 | Noticed a juggernaut
 39938 | Depths:2 | Found a one-way gate leading to the halls of Pandemonium.
 40177 | Depths:2 | Found a shimmering blue altar of Sif Muna.
 40427 | Depths:2 | Killed a juggernaut
 40453 | Depths:2 | Killed Esekla's ghost
 40885 | Depths:3 | Noticed a juggernaut
 40885 | Depths:3 | Noticed a juggernaut
 40894 | Depths:3 | Killed a juggernaut
 40902 | Depths:3 | Killed a juggernaut
 40919 | Depths:3 | Paralysed by a sphinx for 2 turns
 41426 | Depths:3 | Noticed Vv
 41452 | Depths:3 | Killed Vv
 41734 | Depths:3 | Found an ornate altar of the Wu Jian Council.
 42126 | Depths:4 | Entered Level 4 of the Depths
 42224 | Depths:4 | Noticed Saint Roka
 42247 | Depths:4 | Killed Saint Roka
 42401 | Depths:4 | Found a gate to the Realm of Zot.
 42525 | Depths:4 | Found Lyfeuhen's One-of-a-Kind Books.
 42572 | Depths:4 | Identified the +1 robe of the Hippo {Rampage Int-2 Dex+3
                  | Stlth+}
 42709 | Depths:4 | Noticed a juggernaut
 42736 | Depths:4 | Killed a juggernaut
 42864 | Depths:4 | Found a one-way gateway to a ziggurat.
 43927 | Slime:1  | Entered Level 1 of the Pits of Slime
 44306 | Slime:2  | Gained mutation: You are surrounded by an aura of silence.
                  | [demonic ancestry]
 44306 | Slime:2  | Reached XP level 24. HP: 203/203 MP: 28/39
 44310 | Slime:3  | Gained mutation: Armour fits poorly on your strangely
                  | shaped body. [a shining eye]
 44344 | Slime:3  | Reached skill level 20 in Fighting
 45170 | Slime:5  | Entered Level 5 of the Pits of Slime
 45347 | Slime:5  | Noticed the Royal Jelly
 45367 | Slime:5  | Killed the Royal Jelly
 45368 | Slime:5  | Reached skill level 21 in Fighting
 45618 | Slime:5  | Found the ring of the Tortoise {AC+8}
 45628 | Slime:5  | Got the Parchment of Stones
 45637 | Slime:5  | Identified the +3 trident of Obsession {elec, Int+4}
 45709 | Slime:5  | Got a slimy rune of Zot
 45731 | Slime:5  | Identified the ring of the Duke {Fly rElec rC- Str+4
                  | Slay+4}
 46129 | Depths:1 | Voluntarily entered the Abyss.
 46433 | Abyss:5  | Got an abyssal rune of Zot
 46455 | Depths:1 | Escaped the Abyss
 46749 | D:10     | You showed the abyssal rune of Zot to enter a treasure
                  | trove
 46750 | Trove    | Entered a treasure trove
 46797 | Trove    | Found the macabre finger necklace {rN+}
 46797 | Trove    | Found the +2 shield of Resistance {rF++ rC++ Will++}
 46801 | Trove    | Identified the +1 pair of boots "Taneiw" {rPois}
 46805 | Trove    | Identified the +3 demon blade "Killer Bee's Death" {pain,
                  | rPois Int+2}
 46815 | Trove    | Identified the +11 double sword of Wyrd {freeze, rN+ rCorr
                  | Stlth-}
 46864 | Trove    | Identified the ring of Buuc {rElec Str+2 Int+2 Dex+6}
 46866 | Trove    | Identified the ring of Vusedd {rN++ EV+4}
 47070 | D:10     | Upgraded the game from 0.29.0-13-gc9e81de378 to 0.29.1
 47263 | Crypt:1  | Entered Level 1 of the Crypt
 47265 | Crypt:1  | Identified the +0 chain mail "Ewidixis" {MP+9 Dex+2}
 47289 | Crypt:1  | Reached skill level 15 in Long Blades
 47579 | Crypt:1  | Noticed Khufu
 47593 | Crypt:1  | Killed Khufu
 47671 | Crypt:1  | Lost mutation: Armour fits poorly on your strangely shaped
                  | body. [potion of mutation]
 47671 | Crypt:1  | Lost mutation: You expend magic power (3 MP) to strengthen
                  | your wands. [potion of mutation]
 47671 | Crypt:1  | Gained mutation: Your muscles are strong. (Str +4, Int/Dex
                  | -1) [potion of mutation]
 47671 | Crypt:1  | Gained mutation: You occasionally lose the ability to read
                  | scrolls when taking damage. [potion of mutation]
 47671 | Crypt:1  | Gained mutation: Your movements are slightly less
                  | encumbered by armour. (ER -2) [potion of mutation]
 47678 | Crypt:1  | Found a basalt altar of Yredelemnul.
 47809 | Crypt:1  | Found a transporter.
 47821 | Crypt:1  | Noticed an ancient lich
 48065 | Crypt:1  | Noticed a royal mummy
 48083 | Crypt:1  | Killed a royal mummy
 48133 | Crypt:1  | Found a transporter.
 48334 | Crypt:2  | Found an ancient bone altar of Kikubaaqudgha.
 48521 | Crypt:2  | Found a huge runed gate.
 48521 | Crypt:2  | Found a huge runed gate.
 48521 | Crypt:2  | Found a huge runed gate.
 48521 | Crypt:2  | Found a huge runed gate.
 48521 | Crypt:2  | Found a huge runed gate.
 48521 | Crypt:2  | Found a huge runed gate.
 48521 | Crypt:2  | Found a huge runed gate.
 48521 | Crypt:2  | Found a huge runed gate.
 48522 | Crypt:2  | Found a huge runed gate.
 48523 | Crypt:2  | Found a huge runed gate.
 48552 | Crypt:2  | Found a huge runed gate.
 48552 | Crypt:2  | Found a huge runed gate.
 48552 | Crypt:2  | Found a huge runed gate.
 48552 | Crypt:2  | Found a huge runed gate.
 48552 | Crypt:2  | Found a huge runed gate.
 48552 | Crypt:2  | Found a huge runed gate.
 48553 | Crypt:2  | Found a huge runed gate.
 48554 | Crypt:2  | Found a huge runed gate.
 48555 | Crypt:2  | Found a huge runed gate.
 48567 | Crypt:2  | Found a huge runed gate.
 48567 | Crypt:2  | Found a huge runed gate.
 48567 | Crypt:2  | Found a huge runed gate.
 48567 | Crypt:2  | Found a huge runed gate.
 48567 | Crypt:2  | Found a huge runed gate.
 48567 | Crypt:2  | Found a huge runed gate.
 48568 | Crypt:2  | Found a huge runed gate.
 48569 | Crypt:2  | Found a huge runed gate.
 48571 | Crypt:2  | Found a huge runed gate.
 48905 | Crypt:2  | Found a huge runed gate.
 48906 | Crypt:2  | Found a huge runed gate.
 48908 | Crypt:2  | Found a huge runed gate.
 48909 | Crypt:2  | Found a huge runed gate.
 48910 | Crypt:2  | Found a huge runed gate.
 48911 | Crypt:2  | Found a huge runed gate.
 48912 | Crypt:2  | Found a huge runed gate.
 48913 | Crypt:2  | Found a huge runed gate.
 48926 | Crypt:2  | Found a basalt altar of Yredelemnul.
 49436 | Crypt:3  | Entered Level 3 of the Crypt
 49463 | Crypt:3  | Found the +5 lochaber axe {reach-cleave, poleaxe}
 49682 | Crypt:3  | Reached skill level 22 in Fighting
 50217 | Crypt:3  | Reached XP level 25. HP: 217/217 MP: 30/39
 50250 | Crypt:3  | Identified the +6 quarterstaff of Vuimnioh {spect, rPois
                  | rF+ Int+3}
 50382 | Crypt:3  | Identified the +8 dagger of Dishonesty {freeze, rF+}
 50383 | Crypt:3  | Found a staircase to the Tomb.
 50593 | Crypt:3  | Identified the +17 plate armour of Inevitability {Int+5}
 50616 | Crypt:3  | Lost mutation: Your movements are slightly less encumbered
                  | by armour. (ER -2) [potion of mutation]
 50616 | Crypt:3  | Lost mutation: You occasionally lose the ability to read
                  | scrolls when taking damage. [potion of mutation]
 50616 | Crypt:3  | Gained mutation: You occasionally lose the ability to read
                  | scrolls when taking damage. [potion of mutation]
 50616 | Crypt:3  | Gained mutation: You occasionally lose the ability to drink
                  | potions when taking damage. [potion of mutation]
 50616 | Crypt:3  | Lost mutation: Your muscles are strong. (Str +4, Int/Dex
                  | -1) [potion of mutation]
 50617 | Crypt:3  | Lost mutation: You occasionally lose the ability to read
                  | scrolls when taking damage. [potion of mutation]
 50617 | Crypt:3  | Lost mutation: You occasionally lose the ability to drink
                  | potions when taking damage. [potion of mutation]
 50617 | Crypt:3  | Gained mutation: You are somewhat resistant to further
                  | mutation. [potion of mutation]
 50617 | Crypt:3  | Gained mutation: Your body sometimes deteriorates upon
                  | taking damage. [potion of mutation]
 50618 | Crypt:3  | Lost mutation: Your body sometimes deteriorates upon taking
                  | damage. [potion of mutation]
 50618 | Crypt:3  | Lost mutation: You are somewhat resistant to further
                  | mutation. [potion of mutation]
 50618 | Crypt:3  | Gained mutation: Your muscles are strong. (Str +4, Int/Dex
                  | -1) [potion of mutation]
 50930 | Crypt:3  | Noticed an ancient lich
 50944 | Crypt:3  | Killed an ancient lich
 50948 | Crypt:3  | Found an ancient bone altar of Kikubaaqudgha.
 50993 | Crypt:3  | Noticed a dread lich
 50999 | Crypt:3  | Killed a dread lich
 51749 | Zot:1    | Entered Level 1 of the Realm of Zot
 52116 | Zot:1    | Reached skill level 23 in Fighting
 52427 | Zot:1    | Lost mutation: Your muscles are strong. (Str +4, Int/Dex
                  | -1) [potion of mutation]
 52427 | Zot:1    | Gained mutation: You are weak. (Str -2) [potion of
                  | mutation]
 52428 | Zot:1    | Lost mutation: You are weak. (Str -2) [potion of mutation]
 52428 | Zot:1    | Gained mutation: Your body sometimes deteriorates upon
                  | taking damage. [potion of mutation]
 52428 | Zot:1    | Gained mutation: You are resistant to electric shocks.
                  | (rElec) [potion of mutation]
 52429 | Zot:1    | Lost mutation: You are resistant to electric shocks.
                  | (rElec) [potion of mutation]
 52429 | Zot:1    | Lost mutation: Your body sometimes deteriorates upon taking
                  | damage. [potion of mutation]
 52429 | Zot:1    | Gained mutation: You have large cloven feet. [potion of
                  | mutation]
 54064 | Zot:3    | Reached skill level 10 in Armour
 54454 | Zot:3    | Identified the +6 spear of Terra Cotta {vorpal, +Blink rC+
                  | Str+6}
 54483 | Zot:3    | Gained mutation: When low on magic, you restore magic in
                  | place of health. [demonic ancestry]
 54483 | Zot:3    | Reached XP level 26. HP: 218/229 MP: 30/39
 55058 | Zot:4    | Noticed an orb of fire
 55073 | Zot:4    | Killed an orb of fire
 55395 | Zot:4    | Identified the +10 spear of the Thirteen Realms {flame,
                  | *Rage Dex+4}
 55992 | Zot:5    | Entered Level 5 of the Realm of Zot
 55992 | Zot:5    | Found Himy's Changing Room.
 56105 | Zot:5    | Reached skill level 15 in Armour
 56287 | Zot:5    | Noticed a dread lich
 56289 | Zot:5    | Noticed a dread lich
 56290 | Zot:5    | Noticed an orb of fire
 56307 | Zot:5    | Noticed an orb of fire
 56312 | Zot:5    | Noticed an ancient lich
 56313 | Zot:5    | Killed a dread lich
 56314 | Zot:5    | Noticed a dread lich
 56318 | Zot:5    | Noticed an orb of fire
 56319 | Zot:5    | Noticed an orb of fire
 56320 | Zot:5    | Noticed a dread lich
 56322 | Zot:5    | Noticed an orb of fire
 56324 | Zot:5    | Killed an orb of fire
 56324 | Zot:5    | Killed a dread lich
 56324 | Zot:5    | Killed an orb of fire
 56324 | Zot:5    | Killed a dread lich
 56325 | Zot:5    | Reached skill level 24 in Fighting
 56326 | Zot:5    | Killed an orb of fire
 56326 | Zot:5    | Gained mutation: You are occasionally teleported next to
                  | monsters. [an orb of fire]
 56333 | Zot:5    | Killed an orb of fire
 56333 | Zot:5    | Noticed a dread lich
 56333 | Zot:5    | Gained mutation: Armour fits poorly on your strangely
                  | shaped body. [an orb of fire]
 56340 | Zot:5    | Killed an orb of fire
 56343 | Zot:5    | Killed a dread lich
 56351 | Zot:5    | Killed an ancient lich
 56352 | Zot:5    | Reached skill level 25 in Fighting
 56353 | Zot:5    | Killed a dread lich
 56354 | Zot:5    | Gained mutation: When seriously injured, your blood forms
                  | very thick armour. (AC +0) [demonic ancestry]
 56354 | Zot:5    | Reached XP level 27. HP: 151/244 MP: 19/39
 56598 | Zot:5    | Got the Orb of Zot
 56937 | D:12     | Noticed Esi Wea the pandemonium lord
 56949 | D:12     | Killed Esi Wea the pandemonium lord
 56950 | D:12     | Reached skill level 26 in Fighting
 57217 | D:5      | Noticed Wujov the pandemonium lord
 57337 | D:$      | Escaped with the Orb!

Illustrated notes

Levels and vault maps discovered:
D:1:      elethiomel_arrival_infinity_welcomes_careful_drivers, layout_basic
D:2:      layout_basic, shapermc_ecumenical_altar_starsandcircs,
          roderic_lattice_a, kennysheep_potato
D:3:      layout_loops_ring, serial_shops, nicolae_shop_behind_doors,
          corexii_leaking_fountain
D:4:      layout_rooms, amcnicky_altar_gilded, serial_shops,
          nicolae_stop_n_shop_2, uniq_grinder
D:5:      layout_basic, kennysheep_mini, grunt_temple_overflow_cloverleaf,
          uniq_pikel
D:6:      layout_basic, lemuel_doored_altar, uniq_duvessa, uniq_prince_ribbit1
D:7:      layout_basic, trog_wizard, minmay_temple_entry_junction, serial_shops,
          shop, uniq_maggie
D:8:      layout_basic, enter_bailey_3, uniq_maurice, uniq_grum
D:9:      layout_rooms, nicolae_lava_and_water, serial_bayou_lake_a, uniq_joseph
D:10:     minmay_polygon_palace, layout_basic, kennysheep_mini_moat,
          mainiacjoe_overflow_cross_hatched, mainiacjoe_overflow_tiny_flanked,
          lair_entry_dummy, erik_orc_1, enter_trove_3
D:11:     layout_basic, minmay_misc_feat_pillars,
          hangedman_abyss_or_decor_stagger, uniq_erica
D:12:     layout_long_grid, chequers_avenue, uniq_nessos
D:13:     layout_grid_maze, erik_vaults_2, serial_shops,
          nicolae_shop_waterfront, gammafunk_ghost_wrathful_warriors
D:14:     layout_loops_cross, serial_shops, shop, bh_walls_and_bars
D:15:     gammafunk_depths_entry_grave, layout_gridville, serial_bayou_pond_b,
          serial_glass, glass_columns_a, glass_columns_a, glass_columns_a,
          glass_columns_b, glass_columns_a, glass_columns_b, glass_columns_c,
          glass_columns_a, glass_columns_a, glass_columns_c, glass_columns_a,
          glass_columns_c, glass_columns_a, glass_columns_a, fedhas_altar_1
Temple:   hellmonk_temple_divided_pantheon
Lair:1:   lemuel_reptile_caves, layout_hall_layers, gauntlet_entry_generic,
          nzn_random_ring, grunt_megastairs_1
Lair:2:   layout_roguey, nicolae_swamp_entry_splash_gauntlet,
          dummy_spider_entry, serial_forest, infiniplex_forest_corner_1,
          infiniplex_forest_lined_2, infiniplex_forest_fountain,
          infiniplex_forest_clump_cross, infiniplex_forest_straight_2,
          infiniplex_forest_clump_tiny, uniq_amaemon
Lair:3:   nzn_winding_woodlands_huge [nzn_winding_woodlands_5x15_parted,
          nzn_winding_woodlands_5x15_lazy_stream,
          nzn_winding_woodlands_5x15_longhouse,
          nzn_winding_woodlands_5x15_crooked,
          nzn_winding_woodlands_5x15_pockets, nzn_winding_woodlands_5x15_garden,
          nzn_winding_woodlands_5x15_cabin, nzn_winding_woodlands_5x15_twine,
          nzn_winding_woodlands_5x15_pathside_ponds,
          nzn_winding_woodlands_5x15_jagged,
          nzn_winding_woodlands_center_triple_pond,
          nzn_winding_woodlands_center_pierced_h,
          nzn_winding_woodlands_15x15_killbox], layout_big_grid, uniq_urug
Lair:4:   layout_regular_city, minmay_slime_entry_pillars, basic_altar,
          serial_bayou, serial_bayou_shore_a, serial_bayou_shore_b,
          serial_bayou_pond_b, serial_bayou_pond_a,
          grunt_forest_small_clearing_treed
Lair:5:   minmay_lair_end_enchanted_forest, layout_misc_corridors
Swamp:1:  layout_falls_marsh, portal_ice_cave_entry_pillars_1,
          evilmike_swamp_ruin_house_4, swamp_pool5, uniq_donald
Swamp:2:  layout_falls_marsh, evilmike_swamp_ruin_rubble_1,
          infiniplex_staircase_pool
Swamp:3:  layout_falls_marsh, evilmike_swamp_ruin_house_6
Swamp:4:  swamp_old_school, layout_basic_swamp, swamp_pool5
Spider:1: layout_spider_delve, uniq_mlioglotl
Spider:2: layout_spider_delve, hangedman_spider_tarantella_strand,
          uniq_asterion, uniq_frances
Spider:3: layout_spider_delve
Spider:4: grunt_spider_rune_parallel, uniq_arachne, uniq_bai_suzhen,
          uniq_nikola, uniq_roxanne
Slime:1:  layout_caves
Slime:2:  nicolae_slime_pool, layout_caves
Slime:3:  layout_caves
Slime:4:  layout_caves
Slime:5
Orc:1:    layout_caves, mines1_david, uniq_josephine
Orc:2:    hellmonk_orc_salted, layout_caves, serial_shops, shop
Elf:1:    eino_elf_arrival_shootout, layout_gridlike, minmay_elf_necromancy,
          uniq_azrael
Elf:2:    elven_hall_of_blades_hangedman_alternative
          [nicolae_blade_entry_pointy_end], layout_geoelf_grid, serial_glass,
          glass_columns_a, glass_columns_b, glass_columns_c, glass_columns_b,
          item_on_display_a, serial_shops, nicolae_diamond_shop,
          nicolae_elf_hall_of_bonks
Elf:3:    grunt_elf_hall_spiral, layout_geoelf_diagonals, basic_altar,
          fountainhead
Vaults:1: grunt_vaults_bifocal, nicolae_vaults_asterisk,
          ontoclasm_vaults_ligature, st_quartered_hall, ontoclasm_vaults_idyll,
          nicolae_vaults_theta, v_misc_13, v_misc_27, v_misc_1,
          nicolae_vaults_alarming, nicolae_vaults_diagonal_hallway_8,
          vaults_dpeg_encased_lava, ontoclasm_vaults_gateway,
          layout_vaults_big_room
Vaults:2: ontoclasm_vaults_chip, nicolae_vaults_network_s,
          nicolae_vaults_network_star, nicolae_vaults_murderbox,
          nicolae_vaults_network_square, v_rooms_4, hangedman_vaults_nodes,
          vaults_room_door_ring, nicolae_vaults_little_squares_6,
          nicolae_vaults_asterisk, v_misc_15, layout_vaults_omnibox
Vaults:3: ebering_ghost_xom, nicolae_vaults_circle_grid_a,
          hangedman_vaults_corner_blocks, nicolae_vaults_yaktaur_gun_rack,
          v_misc_4, minmay_crypt_entry_simple_round, ontoclasm_vaults_idyll,
          st_lines, ontoclasm_vaults_decontamination, ontoclasm_vaults_fault,
          grunt_vaults_hallway_short, layout_vaults_quadrants, uniq_xtahua
Vaults:4: v_misc_8, nicolae_vaults_three_branches, dpeg_vaults_monster_row,
          v_misc_22, nicolae_vaults_triangles,
          nicolae_vaults_windows_and_doors_thing, v_alt_pattern_1,
          nicolae_vaults_network_barrier, nicolae_vaults_little_squares_3,
          v_alt_pattern_6, ontoclasm_vaults_tryst, ontoclasm_vaults_hangar,
          vaults_mumra_lcd, nicolae_vaults_an_arrangement, vaults_room_pool,
          vaults_room_hallway, layout_vaults_maze_bifur, uniq_margery, uniq_jory
Vaults:5
Crypt:1:  gammafunk_the_bubble [the_bubble_gammafunk_plus_minus],
          layout_misc_corridors, grunt_ministairs_13, nicolae_danse_macabre,
          uniq_khufu
Crypt:2:  layout_catacombs, minivault_19, hex_large, hangedman_feature_mirror,
          serial_sigils_hangedman_gut, not_door_vault_due
Crypt:3:  quadcrypt_mu
Depths:1: layout_cave_pools, serial_shops, shop, abyss_entry,
          old_standard_altar, lightli_too_deep, beargit_elvish_explorers
Depths:2: minmay_crystal_thing, layout_cave_pools, rand_demon_pan_entry_4,
          hell_entry, abyss_entry, ebering_ghost_inner_flame,
          minmay_staircase_windowed_small
Depths:3: kennysheep_water_balloons, layout_gridlike, abyss_entry,
          grunt_decor_arrowhead, hellmouth_1, minmay_hedge_maze,
          nicolae_wu_jian_glorious_leap, uniq_vv
Depths:4: grunt_zot_entry_hairpin, layout_basic, enter_ziggurat_c, hell_entry,
          good_gods_mini_temple, nicolae_rare_books, minmay_starry_boxes,
          uniq_saint_roka
Zot:1:    layout_gridlike, evilmike_ambush [evilmike_ambush_outer_pillars,
          evilmike_ambush_inner_basic]
Zot:2:    layout_twisted_circle, grunt_megastairs_4
Zot:3:    layout_basic, hangedman_spider_trapstep
Zot:4:    kennysheep_six_static_rooms, layout_twisted_circle
Zot:5:    layout_misc_corridors, nicolae_transmutations_shop

Skill      XL: |  1  2  3  4  5  6  7  8  9 10 11 12 13 14 15 16 17 18 19 20 21 22 23 24 25 26 27 |
---------------+----------------------------------------------------------------------------------+-----
Long Blades    | 3 4 5 6 7 9 11 12 13 14 16 | 16.0
Shields        | 5 6 10 13 16 19 21 22 23 24 | 24.1
Invocations    | 11 14 18 21 25 | 25.4
Fighting       | 8 10 12 17 19 22 23 25 26 | 26.0
Dodging        | 9 11 | 11.7
Evocations     | 6 10 | 10.0
Armour         | 8 11 15 | 15.0
Hexes          | 9 10 | 10.0
Necromancy     | 10 | 10.0
Throwing       | |  1.7

Action                   |  1- 3 |  4- 6 |  7- 9 | 10-12 | 13-15 | 16-18 | 19-21 | 22-24 | 25-27 || total
-------------------------+-------+-------+-------+-------+-------+-------+-------+-------+-------++-------
Melee: Long sword        |   120 |    77 |       |       |       |       |       |       |       ||   197
       Punch             |     1 |       |       |       |       |       |       |       |       ||     1
       Mace              |       |    15 |       |       |     6 |       |       |       |       ||    21
       Scimitar          |       |     6 |   211 |   517 |   940 |  1113 |  1404 |  1985 |  1339 ||  7515
       Tailslap          |       |     1 |    31 |    87 |   198 |   291 |   361 |   564 |   417 ||  1950
       Double sword      |       |       |       |       |       |       |       |       |    24 ||    24
Throw: Throwing net      |       |     1 |       |     1 |       |       |       |       |       ||     2
       Dart              |       |       |     2 |       |     1 |       |       |       |       ||     3
Invok: Upheaval          |       |       |       |     4 |    13 |    11 |    21 |    23 |     6 ||    78
       Elemental Force   |       |       |       |     2 |     3 |       |     4 |     5 |       ||    14
       Disaster Area     |       |       |       |       |     1 |     4 |     4 |     2 |     2 ||    13
Evoke: Wand              |       |       |       |     1 |     2 |       |     3 |     6 |     5 ||    17
       Condenser vane    |       |       |       |       |       |       |       |     3 |       ||     3
       Phial of floods   |       |       |       |       |       |       |       |     1 |       ||     1
  Use: Scroll            |       |       |     9 |     5 |    18 |     6 |     9 |     6 |     5 ||    58
       Potion            |       |       |       |     7 |     4 |     5 |    10 |     4 |    10 ||    40
 Stab: Sleeping          |     2 |     2 |       |       |       |       |       |       |       ||     4
       Distracted        |       |     1 |       |     1 |       |       |     3 |     2 |       ||     7
       Invisible         |       |       |     1 |       |       |       |     2 |     1 |       ||     4
       Held in net/web   |       |       |       |     2 |       |       |       |       |       ||     2
       Paralysed         |       |       |       |     2 |     3 |       |       |     1 |       ||     6
       Confused          |       |       |       |       |       |       |       |     2 |       ||     2
Armor: Leather armour    |    41 |    10 |    16 |       |       |       |       |       |       ||    67
       Steam dragon scal |       |       |     7 |       |       |       |       |       |       ||     7
       Ring mail         |       |       |       |    52 |    92 |   142 |   126 |   124 |   178 ||   714
       Plate armour      |       |       |       |       |       |       |       |       |     1 ||     1
Dodge: Dodged            |   108 |    42 |    74 |    79 |   261 |   412 |   398 |   482 |   405 ||  2261
       Repelled          |       |       |       |     1 |     4 |     9 |    11 |    23 |    25 ||    73
Block: Buckler           |       |    25 |    40 |     1 |       |       |       |       |       ||    66
       Tower shield      |       |       |       |   590 |  1103 |  1315 |  1743 |  1632 |       ||  6383
       Kite shield       |       |       |       |       |       |    73 |       |   386 |  1053 ||  1512
